[Event "Team 45 45 League T63"]
[Site "Internet Chess Club"]
[Date "2015.01.25"]
[Round "8"]
[White "lacibacsi"]
[Black "achessman"]
[Result "1-0"]
[WhiteElo "2046"]
[BlackElo "2020"]
[Opening "Petrov: Cochrane gambit"]
[ECO "C42"]
[Time "16:02:01"]
[TimeControl "2700+45"]

1. e4 e5 2. Nf3 Nf6 3. Nxe5 d6 4. Nxf7 Kxf7 5. d4 Be7 6. Nc3 Rf8 7. Bc4+ Be6 8.
Bxe6+ Kxe6 9. f4 Kf7 10. Qf3 c6 11. Be3 Kg8 12. g4 Qc8 13. f5 b5 14. g5 Ne8 15.
Rf1 b4 16. Ne2 Na6 17. O-O-O Nac7 18. Qg2 Kh8 19. g6 d5 20. Qh3 Nf6 21. e5 Nce8
22. exf6 Nxf6 23. Bg5 h6 24. Bxh6 gxh6 25. Qxh6+ Kg8 26. Rd3 Rf7 27. Rh3 {Black
resigns} 1-0

[Event "Team 45 45 League T63"]
[Site "Internet Chess Club"]
[Date "2015.01.23"]
[Round "8"]
[White "CaoCao"]
[Black "Tobiasdelmonte"]
[Result "1-0"]
[WhiteElo "1916"]
[BlackElo "1809"]
[Opening "Alekhine's defense: modern, Larsen variation"]
[ECO "B04"]
[Time "20:31:42"]
[TimeControl "2700+45"]

1. e4 Nf6 2. e5 Nd5 3. d4 d6 4. Nf3 dxe5 5. Nxe5 g6 6. Bc4 c6 7. Qf3 Be6 8. O-O
Bg7 9. Re1 O-O 10. Bb3 Nd7 11. Nxd7 Qxd7 12. c3 Rfe8 13. Nd2 Bg4 14. Qg3 Rad8
15. h3 Bf5 16. Nf3 Qd6 17. Qxd6 Rxd6 18. Bg5 f6 19. Bh4 Kf8 20. Bg3 Rdd8 21. Bh2
Bc8 22. c4 Nb6 23. a4 e6 24. a5 Na8 25. c5 e5 26. dxe5 Rd3 27. Bc4 Rxf3 28. gxf3
fxe5 29. f4 e4 30. f5 Bxb2 31. Ra2 Bd4 32. Bd6+ Kg7 33. fxg6 hxg6 34. Kg2 Bf5
35. Rd1 Bc3 36. Rb1 b5 37. axb6 e3 38. Rb3 Bd2 39. fxe3 Bxe3 40. Rxa7+ Kf6 41.
Rf7+ Kg5 42. h4+ Kxh4 43. Be7+ Rxe7 44. Rxe7 Bh3+ 45. Kh1 Bxc5 46. Rh7+ {Black
resigns} 1-0

[Event "Team 45 45 League T63"]
[Site "Internet Chess Club"]
[Date "2015.01.24"]
[Round "8"]
[White "amicusUK"]
[Black "ghostfire"]
[Result "1-0"]
[WhiteElo "1737"]
[BlackElo "1716"]
[Opening "Queen's pawn game, Krause variation"]
[ECO "D02"]
[Time "14:00:14"]
[TimeControl "2700+45"]

1. d4 d5 2. Nf3 c5 3. e3 cxd4 4. exd4 Nf6 5. c3 e6 6. Bd3 Be7 7. O-O O-O 8. Bf4
Bd6 9. Bxd6 Qxd6 10. Re1 Nbd7 11. Nbd2 Re8 12. Ne5 a6 13. Ndf3 Qb6 14. Qc2 Nf8
15. Rad1 N6d7 16. Ng5 Nxe5 17. Bxh7+ Nxh7 18. Qxh7+ Kf8 19. Rxe5 f6 20. Qh8+ Ke7
21. Qxg7+ Kd6 22. c4 dxc4 23. Ne4+ Kc6 24. Rc5+ Qxc5 25. dxc5 Kb5 26. Qc7 {Black
resigns} 1-0

[Event "Team 45 45 League T63"]
[Site "Internet Chess Club"]
[Date "2015.01.24"]
[Round "8"]
[White "Frankly"]
[Black "fireball"]
[Result "1-0"]
[WhiteElo "1813"]
[BlackElo "1614"]
[Opening "French: Winawer (Nimzovich) variation"]
[ECO "C15"]
[Time "14:05:17"]
[TimeControl "2700+45"]

1. e4 e6 2. d4 d5 3. Nc3 Bb4 4. Bd3 Nf6 5. e5 Ne4 6. Bxe4 dxe4 7. Ne2 Nc6 8. O-O
O-O 9. Nxe4 b6 10. c3 Be7 11. Qc2 Bb7 12. f4 a5 13. Rf3 Qd5 14. Rh3 Nb4 15. Nf6+
{Black resigns} 1-0

[Event "Team 45 45 League T63"]
[Site "Internet Chess Club"]
[Date "2015.01.23"]
[Round "8"]
[White "Intemperate"]
[Black "RobertStephen"]
[Result "1-0"]
[WhiteElo "1915"]
[BlackElo "2019"]
[Opening "English opening"]
[ECO "A30"]
[Time "10:11:23"]
[TimeControl "2700+45"]

1. Nf3 Nf6 2. c4 c5 3. g3 e6 4. Bg2 Nc6 5. O-O d5 6. cxd5 exd5 7. d4 cxd4 8.
Nxd4 Be7 9. Nc3 O-O 10. Bf4 Bg4 11. h3 Be6 12. Nxe6 fxe6 13. e4 d4 14. e5 dxc3
15. exf6 Bxf6 16. bxc3 Bxc3 17. Rb1 Rf7 18. Qe2 Qf6 19. Be3 Rc8 20. Bxc6 bxc6
21. Qa6 Rfc7 22. Bxa7 c5 23. Rb8 Rxb8 24. Bxb8 Rd7 25. Ba7 Rd5 26. Qc8+ Rd8 27.
Qxc5 Bd4 28. Qc7 e5 29. a4 Kf8 30. Bc5+ Bxc5 31. Qxc5+ Qd6 32. Qxd6+ Rxd6 33. a5
Ra6 34. Ra1 Ke7 35. Kg2 Kd6 36. Kf3 Kd5 37. Ra4 Ra7 38. a6 Kc6 39. Ke4 Kb5 40.
Ra2 Rxa6 41. Rxa6 {Black resigns} 1-0

[Event "Team 45 45 League T63"]
[Site "Internet Chess Club"]
[Date "2015.01.25"]
[Round "8"]
[White "spand42"]
[Black "MrShaw"]
[Result "1-0"]
[WhiteElo "1949"]
[BlackElo "1818"]
[Opening "King's Indian: orthodox, Aronin-Taimanov, bayonet attack"]
[ECO "E97"]
[Time "12:13:37"]
[TimeControl "2700+45"]

1. d4 Nf6 2. c4 g6 3. Nc3 Bg7 4. e4 d6 5. Nf3 O-O 6. Be2 e5 7. O-O Nc6 8. d5 Ne7
9. b4 a5 10. Ba3 axb4 11. Bxb4 b6 12. a4 Ne8 13. Nb5 f5 14. Nd2 Bh6 15. Bd3 Bxd2
16. Qxd2 f4 17. f3 g5 18. h3 h5 19. Be2 Bd7 20. a5 Bxb5 21. cxb5 Nf6 22. axb6
cxb6 23. Rxa8 Qxa8 24. Bxd6 Re8 25. Bxe5 Nexd5 26. Qb2 Nd7 27. Bc4 Rxe5 28. Qxe5
{Black resigns} 1-0

[Event "Team 45 45 League T63"]
[Site "Internet Chess Club"]
[Date "2015.01.25"]
[Round "8"]
[White "Philly-Boy"]
[Black "az2112"]
[Result "1-0"]
[WhiteElo "1782"]
[BlackElo "1557"]
[Opening "QGD: Chigorin defense"]
[ECO "D07"]
[Time "21:00:14"]
[TimeControl "2700+45"]

1. d4 d5 2. c4 Nc6 3. Nc3 Nf6 4. cxd5 Nxd5 5. e4 Nxc3 6. bxc3 e5 7. Bb5 Bd7 8.
Ne2 exd4 9. cxd4 Bb4+ 10. Bd2 Bxd2+ 11. Qxd2 O-O 12. O-O Re8 13. f3 Ne5 14. Bxd7
Qxd7 15. Qc3 Ng6 16. Rab1 c6 17. Rfc1 Rad8 18. Qc5 Ra8 19. a4 Nf8 20. a5 Ne6 21.
Qb4 Rab8 22. Qc4 Red8 23. a6 b6 24. Rd1 Nc7 25. Rbc1 Qc8 26. Qxc6 Nxa6 27. Qxc8
Rbxc8 28. Ra1 Nb4 29. Rxa7 Rb8 30. d5 Nc6 31. Rc7 Nb4 32. Ra1 Rbc8 33. Raa7 Rxc7
34. Rxc7 Rb8 35. Nd4 Na6 36. Ra7 Nc5 37. Nc6 Re8 38. Kf2 g6 39. Ke3 f5 40. e5 h6
41. d6 Kf8 42. d7 Nxd7 43. Rxd7 {Black resigns} 1-0

[Event "Team 45 45 League T63"]
[Site "Internet Chess Club"]
[Date "2015.01.21"]
[Round "8"]
[White "clarinetref"]
[Black "qs16"]
[Result "0-1"]
[WhiteElo "1598"]
[BlackElo "1821"]
[Opening "Queen's pawn: Torre attack"]
[ECO "A46"]
[Time "15:36:54"]
[TimeControl "2700+45"]

1. d4 Nf6 2. Nf3 e6 3. Bg5 Be7 4. Bxf6 Bxf6 5. e4 d6 6. Bd3 Nc6 7. c3 O-O 8. O-O
e5 9. d5 Ne7 10. Nbd2 Bg4 11. h3 Bh5 12. Qc2 c6 13. c4 Rc8 14. Qb3 b6 15. Rfe1
Bg6 16. Nh2 cxd5 17. exd5 Bxd3 18. Qxd3 Ng6 19. Ng4 Be7 20. Ne3 Nf4 21. Qe4 g6
22. Kh2 f5 23. Qc2 Bg5 24. g3 Nh5 25. Nf3 f4 26. Nxg5 fxe3 27. Ne6 Rxf2+ 28.
Qxf2 exf2 29. Nxd8 fxe1=Q 30. Rxe1 Rxd8 31. b4 Rc8 32. Re4 Nf6 33. Rh4 Kg7
{White resigns} 0-1

[Event "Team 45 45 League T63"]
[Site "Internet Chess Club"]
[Date "2015.01.25"]
[Round "8"]
[White "SlimeDog2"]
[Black "LazyPeon"]
[Result "1-0"]
[WhiteElo "2036"]
[BlackElo "1767"]
[Opening "Benkö gambit: fianchetto variation"]
[ECO "A58"]
[Time "15:02:46"]
[TimeControl "2700+45"]

1. d4 Nf6 2. c4 c5 3. d5 b5 4. cxb5 a6 5. bxa6 g6 6. Nc3 Bxa6 7. Nf3 d6 8. g3
Bg7 9. Bg2 Nfd7 10. O-O Nb6 11. Re1 N8d7 12. Qc2 Nc4 13. b3 Qa5 14. bxc4 Bxc3
15. Bd2 Bxd2 16. Nxd2 Ne5 17. f4 Nd7 18. e4 O-O 19. e5 Nb6 20. Bf1 Rfb8 21. exd6
exd6 22. Ne4 Rd8 23. Nf6+ Kg7 24. Qb2 {Black resigns} 1-0

[Event "Team 45 45 League T63"]
[Site "Internet Chess Club"]
[Date "2015.01.27"]
[Round "8"]
[White "Warpdrive"]
[Black "chessjav"]
[Result "0-1"]
[WhiteElo "1629"]
[BlackElo "1935"]
[Opening "Caro-Kann: exchange, Rubinstein variation"]
[ECO "B13"]
[Time "17:14:41"]
[TimeControl "2700+45"]

1. e4 c6 2. d4 d5 3. exd5 cxd5 4. Bd3 Nc6 5. c3 Nf6 6. Bf4 Bg4 7. Qb3 Qd7 8. Nd2
e6 9. Ngf3 Bd6 10. Ne5 Qc7 11. Nxg4 Bxf4 12. Nxf6+ gxf6 13. g3 Bd6 14. Qd1 O-O-O
15. Qf3 f5 16. b4 Kb8 17. Nb3 b6 18. Qe2 e5 19. O-O e4 20. Ba6 h5 21. a4 h4 22.
a5 Rdg8 23. axb6 axb6 24. Qa2 hxg3 25. Bb5 gxf2+ 26. Kxf2 Rxh2+ {White resigns}
0-1

[Event "Team 45 45 League T63"]
[Site "Internet Chess Club"]
[Date "2015.01.22"]
[Round "8"]
[White "Nathan-L"]
[Black "tryanything"]
[Result "1-0"]
[WhiteElo "1777"]
[BlackElo "1526"]
[Opening "Queen's bishop game"]
[ECO "D02"]
[Time "18:00:06"]
[TimeControl "2700+45"]

1. d4 Nf6 2. Nf3 d5 3. Bf4 e6 4. e3 c5 5. c4 Nc6 6. Nc3 Bd6 7. Bxd6 Qxd6 8. Be2
O-O 9. O-O a6 10. Rc1 dxc4 11. Bxc4 b5 12. Be2 cxd4 13. Nxd4 Nxd4 14. Qxd4 Qxd4
15. exd4 Bb7 16. a4 b4 17. Nb1 a5 18. Rc7 Ba6 19. Bxa6 Rxa6 20. Nd2 Nd5 21. Rc5
h6 22. g3 Rfa8 23. Rfc1 Kf8 24. Rb5 Nb6 25. b3 Nd5 26. Ne4 Ke8 27. f4 f5 28. Nc5
Rc6 29. Re1 Nc7 30. Rb7 Rd8 31. Kf1 Rxd4 32. Rxc7 Rxc7 33. Nxe6 {Black resigns}
1-0

[Event "Team 45 45 League T63"]
[Site "Internet Chess Club"]
[Date "2015.01.22"]
[Round "8"]
[White "Agarnez"]
[Black "ben622"]
[Result "1-0"]
[WhiteElo "1939"]
[BlackElo "1980"]
[Opening "Grünfeld: modern exchange variation"]
[ECO "D85"]
[Time "15:00:08"]
[TimeControl "2700+45"]

1. d4 Nf6 2. c4 g6 3. Nc3 d5 4. cxd5 Nxd5 5. e4 Nxc3 6. bxc3 Bg7 7. Nf3 c5 8.
Rb1 O-O 9. Be2 cxd4 10. cxd4 Qa5+ 11. Qd2 Qxd2+ 12. Bxd2 Nc6 13. Be3 Rd8 14. d5
Bc3+ 15. Bd2 Bxd2+ 16. Nxd2 Nd4 17. Bc4 Nc2+ 18. Ke2 Na3 19. Rbc1 Nxc4 20. Nxc4
f5 21. f3 fxe4 22. fxe4 e6 23. Ne3 b6 24. Rc7 exd5 25. Nxd5 Rf8 26. e5 Ba6+ 27.
Ke3 Rf7 28. Rxf7 Kxf7 29. Nc7 Bb7 30. Rf1+ Ke7 31. Nxa8 Bxa8 32. g3 Bd5 33. Kd4
Bc6 34. Rc1 Kd7 35. e6+ Kd6 36. Rxc6+ {Black resigns} 1-0

[Event "Team 45 45 League T63"]
[Site "Internet Chess Club"]
[Date "2015.01.24"]
[Round "8"]
[White "bobhill"]
[Black "harishbn"]
[Result "1/2-1/2"]
[WhiteElo "1946"]
[BlackElo "1900"]
[Opening "Queen's bishop game"]
[ECO "D02"]
[Time "10:11:07"]
[TimeControl "2700+45"]

1. d4 d5 2. Nf3 Nf6 3. Bf4 c5 4. e3 Nc6 5. c3 Qb6 6. Qb3 c4 7. Qxb6 axb6 8. Na3
Na7 9. h3 Bf5 10. Be2 e6 11. Ne5 Bxa3 12. bxa3 Nb5 13. g4 Bg6 14. Nxg6 hxg6 15.
Rb1 Nxc3 16. Rxb6 Rxa3 17. Rxb7 Nd7 18. Bf3 Rxa2 19. O-O Rxh3 20. Kg2 Rh8 21.
Rc1 Ra3 22. Bd6 Ra6 23. Bb4 Na2 24. Rb1 Nxb4 25. R1xb4 Ke7 26. e4 dxe4 27. Bxe4
Rc8 28. Rb1 c3 29. Rc1 Ra4 30. f3 Rxd4 31. Rb3 Rdc4 32. Bd3 R4c5 33. Kf2 Ne5 34.
Bc2 Rd8 35. Ke2 Rd2+ 36. Ke3 Nc4+ 37. Kf4 Rd4+ 38. Kg3 Ne3 39. Be4 Nd1 40. Rb7+
Ke8 41. Bc2 Ne3 42. Rh1 Rd7 43. Ba4 Rd5 44. Rc1 Ke7 45. Rxd7+ Rxd7 46. Bxd7 Kxd7
47. Rxc3 Nd5 48. Ra3 g5 49. Ra7+ Nc7 50. Kf2 Kd6 51. Ke2 g6 52. Kd3 f5 53. Rb7
Nd5 54. Rb8 Ke5 55. Rg8 Nf4+ 56. Ke3 Nd5+ 57. Kf2 fxg4 58. Rxg6 Kf5 59. Rg8 gxf3
60. Kxf3 e5 61. Rf8+ Nf6 62. Rf7 Ke6 63. Ra7 Kf5 64. Rf7 Ke6 65. Ra7 Kf5 66. Ra5
Nh5 67. Ra8 Nf6 68. Rf8 Ke6 69. Kg3 Kf5 70. Rh8 Kg6 71. Rh1 Nh5+ 72. Kf3 Nf6 73.
Ke3 Kf5 74. Rf1+ Ke6 75. Kf3 Kf5 76. Kg3+ Kg6 77. Re1 Kf5 78. Kh3 Ke6 79. Rf1
Kf7 80. Rf5 g4+ 81. Kh4 Ke6 82. Kg5 Ne4+ 83. Kxg4 Nd2 84. Rf8 Nc4 85. Kf3 Nd6
86. Ke3 Nf5+ 87. Kd3 Nd6 88. Rh8 Kd5 89. Rh5 Nb7 90. Ke3 Nd6 91. Kf3 Kd4 92.
Rh4+ e4+ 93. Ke2 Nc4 94. Rh6 Ke5 95. Rc6 Kd4 96. Rc8 Nb6 97. Rd8+ Nd5 98. Ra8
Nc3+ 99. Ke1 e3 100. Rd8+ Ke4 101. Rd7 Nb5 102. Kf1 Nd4 103. Rd8 Kd3 104. Rd7
e2+ 105. Kf2 Ke4 106. Ke1 Ke3 107. Re7+ Kd3 108. Rd7 Ke3 109. Re7+ Kd3 {Game
drawn by mutual agreement} 1/2-1/2

[Event "Team 45 45 League T63"]
[Site "Internet Chess Club"]
[Date "2015.01.25"]
[Round "8"]
[White "wildkingdumb4"]
[Black "misuc56"]
[Result "1-0"]
[WhiteElo "1733"]
[BlackElo "1735"]
[Opening "Sicilian"]
[ECO "B54"]
[Time "12:00:09"]
[TimeControl "2700+45"]

1. e4 c5 2. Nf3 d6 3. d4 cxd4 4. Nxd4 Nc6 5. c4 g6 6. Nc3 Bg7 7. Be3 Bd7 8. Be2
a6 9. O-O Rb8 10. Rc1 h5 11. f4 Nf6 12. h3 h4 13. f5 Ne5 14. fxg6 fxg6 15. Bf4
Nf7 16. Nc2 Qb6+ 17. Be3 Qxb2 18. Bd4 Nh5 19. Bxh5 Bxd4+ 20. Qxd4 Rxh5 21. Rb1
Qxc2 22. Rfc1 e5 23. Qe3 Qxc1+ 24. Rxc1 Bc6 25. Nd5 Kf8 26. Qf3 Rh7 27. Qf6 Rg7
28. Rf1 Bxd5 29. Qxd6+ {Black resigns} 1-0

[Event "Team 45 45 League T63"]
[Site "Internet Chess Club"]
[Date "2015.01.23"]
[Round "8"]
[White "Beetlejuice"]
[Black "Innes"]
[Result "1-0"]
[WhiteElo "1801"]
[BlackElo "1490"]
[Opening "QGD: exchange, positional line, 6.Qc2"]
[ECO "D36"]
[Time "16:01:06"]
[TimeControl "2700+45"]

1. d4 Nf6 2. c4 e6 3. Nc3 d5 4. cxd5 exd5 5. Bg5 c6 6. Qc2 Bb4 7. e3 O-O 8. Bd3
h6 9. Bh4 Re8 10. a3 Bxc3+ 11. bxc3 Nbd7 12. Nf3 b6 13. O-O c5 14. h3 c4 15. Be2
Bb7 16. Bxf6 Qxf6 17. Nd2 Rac8 18. Qa4 Nf8 19. Rfb1 a5 20. Bg4 Bc6 21. Qc2 Rb8
22. Bf3 Ng6 23. g3 b5 24. Kg2 Qg5 25. Kh2 Re7 26. a4 b4 27. Nxc4 b3 28. Qe2 dxc4
29. Bxc6 Qf5 30. Rb2 Qe6 31. d5 Qe5 32. Qxc4 h5 33. Rxb3 Rxb3 34. Qxb3 h4 35.
Rg1 hxg3+ 36. Rxg3 Nh4 37. Qc4 Nf5 38. f4 Qc7 39. Qc5 Re4 40. Rg5 Qd6 41. Qxd6
Nxd6 42. Re5 Rc4 43. Re7 Rxc3 44. e4 Kf8 45. Rd7 Nxe4 46. Rd8+ Ke7 47. Re8+ Kd6
48. Rxe4 g6 49. Re8 Rf3 50. Ra8 Rxf4 51. Rxa5 f5 52. Kg3 Rb4 53. Ra7 g5 54. Rd7+
Kc5 55. Rg7 Rb3+ 56. Kf2 Rb2+ 57. Ke3 Rb3+ 58. Kd2 Rxh3 59. Rxg5 f4 60. Rf5 Rh4
61. Kd3 Rh3+ 62. Ke4 Rh1 63. Kxf4 Kd6 64. Rf6+ Ke7 65. Re6+ Kd8 66. Ke4 Re1+ 67.
Kd4 Rd1+ 68. Kc5 Rc1+ 69. Kb6 Rb1+ 70. Ka6 Kc7 71. Re7+ Kd6 72. Rd7+ Kc5 73. Rb7
Ra1 74. Ka7 Kd6 75. Kb8 Ra3 76. Rd7+ Kc5 77. Bb5 Rg3 78. Kc7 Rg6 79. d6 Rh6 80.
Rd8 Rh7+ 81. d7 Rg7 82. Rh8 Kd5 83. Kc8 {Black resigns} 1-0

[Event "Team 45 45 League T63"]
[Site "Internet Chess Club"]
[Date "2015.01.24"]
[Round "8"]
[White "CuatroPrincesas"]
[Black "infiniteshug"]
[Result "1-0"]
[WhiteElo "2187"]
[BlackElo "2218"]
[Opening "Caro-Kann: Steinitz variation"]
[ECO "B17"]
[Time "16:00:08"]
[TimeControl "2700+45"]

1. e4 c6 2. d4 d5 3. Nc3 dxe4 4. Nxe4 Nd7 5. Nf3 Ngf6 6. Nxf6+ Nxf6 7. Bc4 Bf5
8. O-O e6 9. c3 Bd6 10. h3 O-O 11. Bg5 h6 12. Bh4 Qe7 13. Qe2 c5 14. Rad1 Rac8
15. Rfe1 a6 16. d5 b5 17. Bd3 Bxd3 18. Rxd3 c4 19. Rdd1 g5 20. Nxg5 hxg5 21.
Bxg5 e5 22. Qf3 Kg7 23. Re4 Nxe4 24. Bxe7 Bxe7 25. Qxe4 Bf6 26. d6 Rfd8 27. Qb7
Ra8 28. d7 Be7 29. g3 f6 30. Kg2 Kf7 31. h4 Kg7 32. g4 Kf7 33. Kf3 Rg8 34. Qd5+
Kg7 35. Qe6 Kf8 36. Ke4 Rd8 37. f3 Ra8 38. Kf5 Rh8 39. Rd6 Rg8 40. Rxa6 Rxa6 41.
Qxa6 Kf7 42. Qxb5 Kg7 43. Qxc4 Rd8 44. Ke6 Kf8 45. Qe4 {Black resigns} 1-0

[Event "Team 45 45 League T63"]
[Site "Internet Chess Club"]
[Date "2015.01.25"]
[Round "8"]
[White "junard"]
[Black "SlimeDog2"]
[Result "1/2-1/2"]
[WhiteElo "2041"]
[BlackElo "2030"]
[Opening "Trompowsky attack (Ruth, Opocenský opening)"]
[ECO "A45"]
[Time "01:18:50"]
[TimeControl "2700+45"]

1. d4 Nf6 2. Bg5 Ne4 3. Bf4 d5 4. Nd2 Bf5 5. e3 e6 6. Ngf3 Bd6 7. Bxd6 Qxd6 8.
c3 h6 9. Be2 Nd7 10. O-O O-O 11. Nxe4 Bxe4 12. Nd2 Bg6 13. Re1 c5 14. Bf3 Rfd8
15. Qb3 Rab8 16. a4 b6 17. Qa3 Nf6 18. b4 cxd4 19. cxd4 Rbc8 20. a5 Rc2 21. Nf1
Rdc8 22. axb6 axb6 23. Re2 R2c3 24. Qa4 b5 25. Qa5 Rb3 26. Ree1 Qxb4 27. Qa6 Rc2
28. Bd1 {Game drawn by mutual agreement} 1/2-1/2

[Event "Team 45 45 League T63"]
[Site "Internet Chess Club"]
[Date "2015.01.24"]
[Round "8"]
[White "chess09"]
[Black "jt2000"]
[Result "0-1"]
[WhiteElo "1889"]
[BlackElo "2118"]
[Opening "QGD: Charousek (Petrosian) variation"]
[ECO "D31"]
[Time "12:13:44"]
[TimeControl "2700+45"]

1. d4 d5 2. c4 e6 3. Nc3 Be7 4. Nf3 Nf6 5. Bg5 Nbd7 6. e3 a6 7. Bd3 dxc4 8. Bxc4
b5 9. Bd3 c5 10. O-O Bb7 11. Qe2 Rc8 12. Rfd1 Qb6 13. Rac1 O-O 14. Bb1 Qa5 15.
Nd2 cxd4 16. Nb3 Qb6 17. Nxd4 Rfe8 18. Qd3 Ne5 19. Qe2 b4 20. Na4 Qa5 21. b3 Ng6
22. h4 Rxc1 23. Rxc1 h6 24. Bxf6 Bxf6 25. h5 Qg5 26. g3 Nh4 27. Rc5 e5 28. Qc2
Qxh5 29. Rc7 Ng6 30. Nc6 Rd8 31. Nb2 Bxc6 32. Rxc6 e4 33. Rc8 Rxc8 34. Qxc8+ Kh7
35. Qc2 Bxb2 36. Qxb2 Qd1+ 37. Kg2 Qf3+ 38. Kg1 Qd1+ 39. Kg2 f5 40. Bc2 Qe2 41.
Qc1 Ne5 42. Qd1 Qxd1 43. Bxd1 Kg6 44. Be2 a5 45. Kf1 Kf6 46. Ke1 Kg5 47. Kf1 h5
48. Kg2 h4 49. Bf1 hxg3 50. Kxg3 Nf3 51. Be2 Nd2 52. f4+ exf3 53. Bd3 Kf6 54.
Bc2 g5 55. Bd3 Ke5 56. Bc2 Ne4+ 57. Kxf3 Nc3 58. Bd3 Nxa2 59. Bc4 Nc3 60. Bd3
Nd5 61. Bc2 Nf6 62. Bd3 Nd7 63. Bc2 Nc5 64. Bd1 Ne6 65. Bc2 f4 66. Bd1 Nc5 67.
Bc2 g4+ 68. Kxg4 fxe3 69. Kf3 Kd4 70. Bd1 Kd3 71. Be2+ Kd2 72. Bc4 Nxb3 {White
resigns} 0-1

[Event "Team 45 45 League T63"]
[Site "Internet Chess Club"]
[Date "2015.01.25"]
[Round "8"]
[White "spongenotbob"]
[Black "fireball"]
[Result "0-1"]
[WhiteElo "1921"]
[BlackElo "1642"]
[Opening "Budapest defense declined"]
[ECO "A51"]
[Time "20:03:11"]
[TimeControl "2700+45"]

1. d4 Nf6 2. c4 e5 3. d5 Bc5 4. Bg5 Bxf2+ 5. Kxf2 Ne4+ 6. Ke1 Qxg5 7. Nh3 Qf6 8.
Nd2 Nxd2 9. Qxd2 O-O 10. g3 d6 11. Bg2 a5 12. Nf2 Bf5 13. Rf1 Qg6 14. Bf3 e4 15.
Bg2 Nd7 16. Qf4 Nc5 17. g4 Bd7 18. h4 f5 19. h5 Qf6 20. Rb1 fxg4 21. Qg3 Qd4 22.
Nxg4 Bxg4 23. Qxg4 Qxc4 24. h6 Qb4+ 25. Kd1 g6 26. Qg5 Rxf1+ 27. Bxf1 Qd4+ 28.
Kc2 e3 29. Rd1 Qe4+ 30. Kc1 Rf8 31. b3 Qf4 32. Qe7 Qf6 33. Qxf6 Rxf6 34. Bg2 Rf4
35. Rh1 Ne4 36. Rh3 Nc3 37. Rxe3 Nxa2+ 38. Kb2 Nb4 39. Re8+ Kf7 40. Rh8 g5 41.
Rxh7+ Kg6 42. Rxc7 Kxh6 43. Rxb7 Rf2 44. Bf3 Nd3+ 45. Kc3 Ne5 46. Be4 g4 47. Kd2
g3 48. Ke1 Kg5 49. Rh7 Kf4 50. Rh4+ Ke3 51. Bh1 Rxe2+ 52. Kf1 Rf2+ 53. Kg1 Nf3+
54. Bxf3 Kxf3 55. Rh6 Rb2 56. Rf6+ Ke4 57. Rxd6 Rxb3 58. Kg2 Rd3 59. Rh6 Rxd5
60. Kxg3 Kd3 61. Ra6 Kc3 62. Kf3 Kb4 63. Ke4 Rb5 64. Kd4 a4 65. Kd3 Kb3 66. Rc6
a3 67. Rc3+ Kb2 68. Rc2+ Kb1 69. Rg2 a2 70. Rg1+ Kb2 71. Rg2+ Ka3 72. Kc4 Rb4+
{White resigns} 0-1

[Event "Team 45 45 League T63"]
[Site "Internet Chess Club"]
[Date "2015.01.26"]
[Round "8"]
[White "CaptK"]
[Black "Insan996"]
[Result "1-0"]
[WhiteElo "1767"]
[BlackElo "1553"]
[Opening "Queen's Indian: 4.Nc3, main line"]
[ECO "E13"]
[Time "18:34:21"]
[TimeControl "2700+45"]

1. d4 Nf6 2. Nf3 e6 3. c4 b6 4. Nc3 Bb4 5. Bg5 h6 6. Bh4 Bb7 7. e3 c5 8. a3
Bxc3+ 9. bxc3 d6 10. Bd3 g5 11. Bg3 g4 12. Nh4 h5 13. Qc2 Nc6 14. O-O e5 15.
dxe5 Nxe5 16. Rfd1 Nxd3 17. Qxd3 Ne4 18. Nf5 Nxg3 19. hxg3 Kf8 20. Nxd6 Bc6 21.
Qf5 Qc7 22. Qf6 Rh7 23. Nf5 Be4 24. Rd2 Bxf5 25. Qxf5 Rh6 26. Rd7 Rf6 27. Qxf6
Qxd7 28. Qh8+ Ke7 29. Qxa8 Kf6 30. Qh8+ Kg6 31. Qg8+ Kh6 32. Rf1 {Black resigns}
1-0

[Event "Team 45 45 League T63"]
[Site "Internet Chess Club"]
[Date "2015.01.23"]
[Round "8"]
[White "Ajolote"]
[Black "Lachesis"]
[Result "0-1"]
[WhiteElo "1671"]
[BlackElo "1581"]
[Opening "Caro-Kann: Steinitz variation"]
[ECO "B17"]
[Time "18:59:48"]
[TimeControl "2700+45"]

1. e4 c6 2. d4 d5 3. Nc3 dxe4 4. Nxe4 Nd7 5. Nf3 Ngf6 6. Nxf6+ Nxf6 7. Bc4 Bf5
8. O-O e6 9. Bg5 h6 10. Bxf6 Qxf6 11. c3 Bd6 12. Qb3 b5 13. Bxb5 cxb5 14. Qxb5+
Kf8 15. Qe2 Bg4 16. Qe3 Bxf3 17. Qxf3 Qxf3 18. gxf3 Rb8 19. b3 Ke7 20. c4 Rhd8
21. Rfe1 Bb4 22. Re4 f5 23. Rh4 Kf6 24. Rd1 Kg5 25. Rh3 f4 26. Kh1 Bc3 27. d5
exd5 28. cxd5 Rd6 29. Rg1+ Kf5 30. Rh5+ g5 31. Rd1 Rb5 32. Kg2 Kg6 33. Rh3 Rbxd5
34. Rc1 Bg7 35. Rc7 Rd2 36. Rc1 Bd4 37. Rf1 Rxa2 38. b4 Rb2 39. b5 Rxb5 40. Kg1
Rb2 41. Kg2 a5 42. Kg1 Bxf2+ 43. Kh1 a4 44. Ra1 a3 45. Kg2 Bc5+ 46. Kf1 Rdd2 47.
Re1 Rf2+ 48. Kg1 a2 49. Kh1 Rb1 50. Rg1 Rxg1+ 51. Kxg1 a1=R# {White checkmated}
0-1

[Event "Team 45 45 League T63"]
[Site "Internet Chess Club"]
[Date "2015.01.26"]
[Round "8"]
[White "qs16"]
[Black "SaltofLife"]
[Result "1-0"]
[WhiteElo "1836"]
[BlackElo "1905"]
[Opening "Queen's pawn"]
[ECO "A40"]
[Time "15:00:56"]
[TimeControl "2700+45"]

1. d4 e6 2. Nd2 c5 3. c3 d5 4. e3 Nc6 5. Bd3 Nf6 6. f4 Qc7 7. a3 cxd4 8. cxd4
Bd7 9. Ngf3 Ng4 10. Nb3 f5 11. Bd2 Rc8 12. Rc1 Be7 13. O-O O-O 14. Ba5 Nxe3 15.
Qe2 b6 16. Qxe3 bxa5 17. Ne5 Qb7 18. Nxc6 Bxc6 19. Qxe6+ Kh8 20. Nxa5 Rf6 21.
Qxf6 Bxf6 22. Nxb7 Bxd4+ 23. Kh1 Bxb7 24. Bxf5 Rxc1 25. Rxc1 g6 26. Bd3 Bb6 27.
h3 Kg7 28. f5 gxf5 29. Bxf5 Ba6 30. Rd1 d4 31. Bd3 Bb7 32. Rf1 Bd5 33. Rf2 h6
34. Kg1 Bd8 35. Kf1 Bg5 36. b4 Bc1 37. a4 {Black resigns} 1-0

[Event "Team 45 45 League T63"]
[Site "Internet Chess Club"]
[Date "2015.01.24"]
[Round "8"]
[White "parrot9"]
[Black "KnightOfLight"]
[Result "1-0"]
[WhiteElo "1648"]
[BlackElo "1689"]
[Opening "French defense"]
[ECO "C01"]
[Time "09:02:59"]
[TimeControl "2700+45"]

1. e4 e6 2. d4 b6 3. Nf3 Bb7 4. Bd3 d5 5. e5 c5 6. c3 c4 7. Bc2 b5 8. O-O a5 9.
Re1 Nd7 10. Nbd2 Nb6 11. Nf1 Qd7 12. Ng3 b4 13. Bd2 h5 14. Ng5 g6 15. h4 Nh6 16.
Re3 Be7 17. Rf3 Nf5 18. Nxf5 gxf5 19. Qe2 Qb5 20. Re1 Bxg5 21. Bxg5 Bc6 22. Bxf5
Bd7 23. Bc2 a4 24. Bf6 Rf8 25. Bh7 a3 26. cxb4 Qxb4 27. bxa3 Rxa3 28. Rxa3 Qxa3
29. Bg7 Ke7 30. Bxf8+ Kxf8 31. Qxh5 Qxa2 32. Rb1 Nc8 33. Qg5 Qa7 34. Qf4 Ne7 35.
Re1 Nc6 36. Bg6 Be8 37. Rd1 c3 38. h5 Kg8 39. Bc2 Nb4 40. Qg3+ Kf8 41. Qxc3 Nxc2
42. Qxc2 Ba4 43. Qc8+ Ke7 44. Rc1 Bd7 45. Rc7 {Black resigns} 1-0

[Event "Team 45 45 League T63"]
[Site "Internet Chess Club"]
[Date "2015.01.25"]
[Round "8"]
[White "Lrn2Mate"]
[Black "Invicta-Knight"]
[Result "0-1"]
[WhiteElo "1593"]
[BlackElo "1540"]
[Opening "Benkö gambit half accepted"]
[ECO "A57"]
[Time "06:04:25"]
[TimeControl "2700+45"]

1. d4 Nf6 2. c4 c5 3. d5 b5 4. cxb5 a6 5. b6 Qxb6 6. Nc3 g6 7. Nf3 d6 8. e4 Bg7
9. Nd2 O-O 10. Be2 Nbd7 11. a4 Ne5 12. a5 Qc7 13. O-O Bb7 14. f4 Ned7 15. Nc4
Ne8 16. Bg4 Ndf6 17. Bh3 Rb8 18. Rb1 e6 19. dxe6 Nxe4 20. exf7+ Rxf7 21. Nxe4
Bxe4 22. Ra1 Kf8 23. Qe2 Nf6 24. Ra3 Re8 25. Qd2 Nd5 26. f5 gxf5 27. Bxf5 Bd4+
28. Kh1 Rxf5 29. Rxf5+ Bxf5 30. Rf3 Qd7 31. g4 Qe6 32. Rxf5+ Nf6 33. Qh6+ Ke7
34. Qg7+ Kd8 35. Kg2 Qxc4 36. Bg5 Re2+ 37. Kg3 Qd3+ 38. Rf3 Bf2+ 39. Kg2 Bh4+
40. Kf1 Qd1# {White checkmated} 0-1